Description

+Rush Witness Upgrades

VOD

https://starcraft2coop.com/commanders/mengsk

Build Order

Get SALT Encoding   

  14  0:17  Refinery  by3
  13  0:23  Bunker  
  13  0:41  Barracks  by2
  17  1:15  Refinery  by3
  17  1:30  Factory  by3
  20  2:09  Starport  by3
  25  2:34  Raven  
  25  2:44  Bunker x2  CallDwn@exp
  29  3:01  Medivac  
  35  3:17  Siege Tank  
  36  3:39  Command Center  
  38  3:50  Siege Tank  
  39  4:17  Engineering Bay  
  40  4:28  Fusion Core  
  42  5:19  Raid Artillery  
Spawning Tool Build Advisor. Get it on Overwolf

Analysis

+Rush Witness Upgrades

+Witness Patriot over mineral lines

+3-4 Enlistment Centers in the mid-late

+Troopers can build Bunkers

+Bunkers do not generate Mandate

+up to 2.5 Earthsplitters on target

Go to:

Details

  • Created by: Rodnoy
  • Published on: Aug 16, 2020
  • Modified on: Aug 17, 2020
  • Patch: 4.11.0
  • Difficulty: Easy
Show
View Real Time Build Order
Export as new Build Order

Comments (0)

There are no comments. Be the first!

Create an account to comment!